 Dungeon Crawl Stone Soup version 0.22-a0-458-gb446440 (webtiles) character file.

184 xccam the Ruffian (level 5, -5/40 HPs)
             Began as a Draconian Transmuter on June 8, 2018.
             Killed from afar by an orc wizard (7 damage)
             ... with a magic dart
             ... on level 3 of the Dungeon.
             The game lasted 00:06:23 (3100 turns).

xccam the Ruffian (Draconian Transmuter)            Turns: 3100, Time: 00:06:24

Health: -5/40      AC:  5    Str: 13    XL:     5   Next: 36%
Magic:  8/8        EV: 16    Int: 19    God:
Gold:   131        SH:  0    Dex: 16    Spells: 5/8 levels left

rFire    . . .     SeeInvis .   (no weapon)
rCold    . . .     Gourm    .   (no shield)
rNeg     . . .     Faith    .   (armour unavailable)
rPois    .         Spirit   .   (helmet restricted)
rElec    .         Reflect  .   (no cloak)
rCorr    .         Harm     .   (no gloves)
MR       .....                  (no boots)
Stlth    ++........             (no amulet)
HPRegen  0.13/turn              (no ring)
MPRegen  0.11/turn              (no ring)

@: brilliant, agile, very heavily drained
A: unfitting armour, sense surroundings 1, cold-blooded, MP-powered wands, AC +5
a: no special abilities


You were on level 3 of the Dungeon.
You were hungry.

You visited 1 branch of the dungeon, and saw 3 of its levels.

You collected 131 gold pieces.

Inventory:

Missiles
 a - 28 arrows
Wands
 n - a wand of clouds (3)
Scrolls
 b - a scroll of enchant weapon {unknown}
 e - 4 scrolls of magic mapping {unknown}
 f - a scroll of amnesia {unknown}
 h - 2 scrolls of teleportation {unknown}
 i - a scroll of identify {unknown}
 m - 2 scrolls of remove curse {unknown}
 o - a scroll of enchant armour {unknown}
Potions
 l - a potion of agility
Comestibles
 c - 2 rations
 k - 2 chunks of flesh


   Skills:
 - Level 1.1(0.0) Fighting
 - Level 1.7(0.0) Dodging
 - Level 6.0(0.6) Unarmed Combat
 - Level 2.0(0.0) Spellcasting
 + Level 2.2(0.0) Transmutations


You had 5 spell levels left.
You knew the following spells:

 Your Spells              Type           Power        Failure   Level  Hunger
a - Beastly Appendage     Tmut           ##....       2%          1    ##.....
b - Sticks to Snakes      Tmut           ##......     3%          2    ###....

Your spell library contained the following spells:

 Spells                   Type           Power        Failure   Level  Hunger
 Spider Form              Tmut/Pois      ##........   7%          3    ####...
 Blade Hands              Tmut           ##........   45%         5    ######.
 Ice Form                 Ice/Tmut       ##......     21%         4    #####..


Dungeon Overview and Level Annotations

Branches:
Dungeon (3/15)

Altars:

Annotations:
D:3 junkhipster's ghost, amateur GrFi


Innate Abilities, Weirdness & Mutations

Your plain brown scales are hard. (AC +5)
You cannot fit into any form of body armour.
You are cold-blooded and may be slowed by cold attacks.
You passively map a small area around you.
You expend magic power (3 MP) to strengthen your wands.


Message History

You hit something. Something hits you!
* * * LOW HITPOINT WARNING * * *
You feel drained.
* * * LOW HITPOINT WARNING * * *
It was a potion of agility.
You feel agile all of a sudden. Something hits you but does no damage.
You feel drained.
It was a potion of brilliance.
You feel clever all of a sudden.
You hear some strange, mumbled words.
A magic dart appears from out of thin air!
The magic dart hits you!
* * * LOW HITPOINT WARNING * * *
It was a potion of mutation.
You feel extremely strange.
You feel your magical essence link to your wands.
You feel a strange attunement to the structure of the dungeons.
Something hits you but does no damage.
You feel drained.
A magic dart appears from out of thin air!
The magic dart hits you!
You die...

#.# #.# #.# ###.###########
#.............#
#.#.#########.# #######*
#.#.# #.#### #...... #.#.#
##.#... #.....†####@#.#
######)...##
#.....).....#.###.........#
#..⌠..####..#...#.####....##
#.... * #..#...#>#####.#.S.
#... #............#)###. ###
######.##.##.###S#S# #.
#........)...###.#.###.
#.####................. #.#
####.#.####..#####


There were no monsters in sight!

Vanquished Creatures
  2 orc wizards (D:3)
  Ijyb (D:3)
  2 adders (D:2)
  An ooze (D:1)
  2 worms
  3 dart slugs
  A leopard gecko (D:1)
  12 orcs (D:3)
  2 ball pythons
  A giant cockroach (D:2)
  6 goblins
  3 hobgoblins
  4 jackals (D:3)
  5 kobolds
  A quokka (D:2)
  8 bats
  5 frilled lizards
  6 rats
65 creatures vanquished.

Notes
Turn   | Place    | Note
-------+----------+-------------------------------------------
     0 | D:1      | xccam the Draconian Transmuter began the quest for the Orb.
     0 | D:1      | Reached XP level 1. HP: 16/16 MP: 3/3
   171 | D:1      | Reached XP level 2. HP: 23/23 MP: 5/5
   283 | D:1      | Reached skill level 4 in Unarmed Combat
   300 | D:1      | HP: 1/23 [rat (1)]
   866 | D:2      | Reached XP level 3. HP: 25/28 MP: 6/6
   882 | D:2      | Learned a level 2 spell: Sticks to Snakes
  1648 | D:3      | Reached XP level 4. HP: 14/35 MP: 7/7
  1901 | D:3      | Noticed junkhipster's ghost (amateur GrFi)
  1905 | D:2      | Reached skill level 5 in Unarmed Combat
  2331 | D:3      | Reached XP level 5. HP: 22/40 MP: 5/8
  2552 | D:3      | Noticed Ijyb
  2562 | D:3      | Killed Ijyb
  2562 | D:3      | Reached skill level 6 in Unarmed Combat
  3096 | D:3      | HP: 1/40 [something/magic dart (6)]
  3097 | D:3      | Gained mutation: You expend magic power (3 MP) to strengthen your wands. [potion of mutation]
  3097 | D:3      | Gained mutation: You passively map a small area around you. [potion of mutation]
  3100 | D:3      | Killed from afar by an orc wizard

Vault maps used:
D:1:      tarquinn_simple_flora_water_e
D:3:      tso_oasis_becter, solitary_fountain, uniq_ijyb

Skill      XL: |  1  2  3  4  5 |
---------------+----------------+-----
Unarmed Combat | 4 5 6 |  6.0
Fighting       | |  1.1
Dodging        | |  1.7
Spellcasting   | |  2.0
Transmutations | |  2.2

Action                   |  1- 3 |  4- 6 || total
-------------------------+-------+-------++-------
Melee: Unarmed           |   140 |   141 ||   281
       Tailslap          |    12 |    10 ||    22
       Punch             |     3 |     2 ||     5
       Kick              |     1 |    10 ||    11
 Cast: Beastly Appendage |     1 |     5 ||     6
       Sticks to Snakes  |       |     4 ||     4
Evoke: Wand              |       |     1 ||     1
  Use: Potion            |       |     5 ||     5
 Stab: Sleeping          |     1 |       ||     1
  Eat: Chunk             |     2 |     5 ||     7
Armor: Skin              |    48 |    33 ||    81
Dodge: Dodged            |    78 |    72 ||   150

Table legend:
 A = Spawn XP
 B = Non-spawn XP
 C = Spawn XP percentage of total XP
 D = Spawn monster count
 E = Non-spawn monster count
 F = Spawn count percentage of total count
 G = Total turns spent on level
                    A         B        C        D         E        F      G
               +---------+---------+-------+---------+---------+-------+---------
         Total |       0 |     263 |   0.0 |       0 |      65 |   0.0 |  3100
               +---------+---------+-------+---------+---------+-------+---------
           D:1 |       0 |      39 |   0.0 |       0 |      20 |   0.0 |   862
           D:2 |       0 |      53 |   0.0 |       0 |      15 |   0.0 |  1277
           D:3 |       0 |     171 |   0.0 |       0 |      30 |   0.0 |   961
               +---------+---------+-------+---------+---------+-------+---------
